 Dungeon Crawl Stone Soup version 0.30-a0-953-g5f1da4a474 (webtiles) character file.

Game seed: 9641976587428125905

152853 Lobster4 the Reanimator (level 18, -2/138 HPs)
             Began as a Human Necromancer on Mar 28, 2023.
             Was the Champion of Makhleb.
             Slain by a deep elf blademaster
             ... wielding a +0 rapier
              (6 damage)
             ... on level 3 of the Elven Halls.
             The game lasted 02:56:59 (42201 turns).

Lobster4 the Reanimator (Human Necromancer)        Turns: 42201, Time: 02:56:59

Health: -2/138     AC: 11    Str: 16    XL:     18   Next: 21%
Magic:  3/32       EV: 15    Int: 23    God:    Makhleb [******]
Gold:   2815       SH:  7    Dex: 13    Spells: 3/38 levels left

rFire   + + .      SeeInvis +    b - +6 hand crossbow of the Tiger {freeze, rF+}
rCold   + + +      Faith    .    G - +2 buckler {reflect}
rNeg    + + .      Spirit   .    q - +2 robe {rC+ rF+}
rPois   +          Reflect  +    u - +0 hat {SInv}
rElec   .          Rampage  .    P - +2 cloak
rCorr   +                        A - +0 pair of gloves
Will    ++...                    T - +0 pair of boots
Stlth   +                        B - amulet "Synlil" {rPois rC+ Regen+}
HPRegen 1.23/turn                K - ring "Zuphorrom" {rN++ rCorr Str+2}
MPRegen 0.23/turn                j - ring "Urghounu" {rC+ Will+ Str+4}

@: on blink cooldown, animating dead, studying 2 skills, very slow
A: no striking features
a: Renounce Religion, Minor Destruction, Lesser Servant of Makhleb, Major
Destruction, Greater Servant of Makhleb


You were on level 3 of the Elven Halls.
You worshipped Makhleb.
Makhleb was exalted by your worship.
You visited 5 branches of the dungeon, and saw 26 of its levels.
You also visited: Volcano.

You collected 3010 gold pieces.
You spent 195 gold pieces at shops.

Inventory:

Hand Weapons
 a - the +6 Majin-Bo {spellvamp, MP+6 Int+6}
   (You acquired it on level 4 of the Dungeon)

   Int:       It affects your intelligence (+6).
   MP:        It affects your magic capacity (+6).
 b - the +6 hand crossbow of the Tiger (weapon) {freeze, rF+}
   (You acquired it on level 15 of the Dungeon)

   rF:        It protects you from fire.
 o - the +10 war axe of Valiance {flame, rElec}
   (You took it off a tengu warrior on level 9 of the Dungeon)

   rElec:     It insulates you from electricity.
Missiles
 y - 21 poisoned darts
 z - 17 boomerangs
Armour
 q - a +2 robe of resistance (worn)
 u - a +0 hat of see invisible (worn)
 A - a +0 pair of gloves (worn)
 D - the +3 buckler of Beogh's Hope {rPois rC- rCorr Int+2}
   (You acquired it on level 4 of the Dungeon)

   Int:       It affects your intelligence (+2).
   rC:        It makes you vulnerable to cold.
   rPois:     It protects you from poison.
   rCorr:     It protects you from acid and corrosion.
 G - a +2 buckler of reflection (worn)
 P - a +2 cloak (worn)
 T - a +0 pair of boots (worn)
Magical Staves
 N - the staff of air "Nimoass" {rElec rPois Int+3}
   (You found it on level 9 of the Dungeon)

   [staff of air]

   Base accuracy: +5 Base damage: 5 Base attack delay: 1.2 This weapon's minimum
   attack delay (0.6) is reached at skill level 12.
   Int:       It affects your intelligence (+3).
   rElec:     It insulates you from electricity.
   rPois:     It protects you from poison.
   It falls into the 'Staves' category.
   It is a one-handed weapon.
Jewellery
 j - the ring "Urghounu" (right hand) {rC+ Will+ Str+4}
   (You found it on level 3 of the Lair of Beasts)

   [ring of willpower]

   Str:       It affects your strength (+4).
   rC:        It protects you from cold.
   Will:      It increases your willpower.
 l - a ring of willpower
 w - a ring of protection from fire
 B - the amulet "Synlil" (around neck) {rPois rC+ Regen+}
   (You acquired it on level 4 of the Dungeon)

   [amulet of regeneration]

   rC:        It protects you from cold.
   rPois:     It protects you from poison.
   Regen:     It increases your rate of health regeneration.
 K - the ring "Zuphorrom" (left hand) {rN++ rCorr Str+2}
   (You found it on level 14 of the Dungeon)

   [ring of resist corrosion]

   Str:       It affects your strength (+2).
   rN:        It greatly protects you from negative energy.
   rCorr:     It protects you from acid and corrosion.
 M - a ring of flight
 O - the dreamshard necklace {*Dream Drain}
   (You found it on level 12 of the Dungeon)

   [amulet of nothing]

   *Dream:    It shatters if its wearer takes lethal or near-lethal damage,
   preventing the blow and releasing protective dreams that heal and fight for
   the wearer.
   Drain:     It drains your maximum health when unequipped.
Wands
 f - a wand of flame (18)
 H - a wand of mindburst (3)
 R - a wand of quicksilver (16)
 S - a wand of charming (3)
 X - a wand of roots (3)
 Y - a wand of digging (5)
Scrolls
 k - 7 scrolls of teleportation
 s - 3 scrolls of amnesia
 t - a scroll of enchant weapon
 x - a scroll of butterflies
 C - 2 scrolls of poison
 E - a scroll of immolation
 J - 7 scrolls of fog
 L - 2 scrolls of silence
 W - a scroll of blinking
 Z - 2 scrolls of fear
Potions
 c - 4 potions of might
 d - 5 potions of curing
 e - 4 potions of brilliance
 g - 2 potions of lignification
 i - 2 potions of invisibility
 n - a potion of cancellation
 p - 2 potions of resistance
 r - a potion of magic
 v - 5 potions of mutation
 F - 2 potions of flight
 I - 3 potions of haste
 V - a potion of berserk rage
Miscellaneous
 h - a phial of floods (inert)
 m - a tin of tremorstones (2/2)
 Q - a box of beasts


   Skills:
 + Level 11.3 Fighting
 - Level 1.0 Short Blades
 + Level 5.8 Axes
 - Level 6.0 Staves
 * Level 11.0 Ranged Weapons
 - Level 3.0 Throwing
 - Level 10.0 Armour
 - Level 8.0 Dodging
 - Level 2.0 Stealth
 - Level 6.0 Shields
 + Level 10.8 Spellcasting
 - Level 6.0 Conjurations
 + Level 11.9 Necromancy
 - Level 3.0 Translocations
 - Level 2.0 Transmutations
 - Level 10.0 Air Magic
 - Level 10.0 Earth Magic
 - Level 6.0 Invocations
 - Level 5.0 Evocations


You had 3 spell levels left.
You knew the following spells:

 Your Spells              Type           Power      Damage    Failure   Level
a - Necrotise             Necr           100%       1d9       1%          1
b - Vampiric Draining     Necr           61%        2d10      1%          3
c - Momentum Strike       Conj/Tloc      66%        3d9       1%          2
d - Airstrike             Air            27%        2d(4-20)  1%          4
e - Borgnjor's Vile Clut  Necr/Erth      29%        N/A       1%          5
f - Animate Dead          Necr           61%        N/A       1%          4
g - Swiftness             Air            55%        N/A       1%          3
h - Shock                 Conj/Air       100%       1d9       1%          1
i - Mephitic Cloud        Conj/Pois/Air  36%        N/A       2%          3
j - Agony                 Necr           61%        N/A       1%          5
y - Blink                 Tloc           52%        N/A       3%          2
z - Passwall              Tmut/Erth      33%        N/A       1%          2

Your spell library contained the following spells:

 Spells                   Type           Power      Damage    Failure   Level
 Magic Dart               Conj           100%       1d8       1%          1
 Sandblast                Erth           100%       2d20      1%          1
 Searing Ray              Conj           80%        2d7       1%          2
 Stone Arrow              Conj/Erth      98%        3d13      1%          3
 Vhi's Electric Charge    Tloc/Air       84%        N/A       1%          3
 Lesser Beckoning         Tloc           52%        N/A       3%          2
 Kindle Blastsparks       Fire/Tloc/Air  64%        2d15      3%          3
 Summon Small Mammal      Summ           48%        N/A       7%          1
 Call Imp                 Summ           12%        N/A       10%         2
 Ensorcelled Hibernation  Hex/Ice        24%        N/A       10%         2
 Portal Projectile        Hex/Tloc       38%        N/A       11%         3
 Call Canine Familiar     Summ           12%        N/A       21%         3
 Ozocubu's Armour         Ice            12%        N/A       21%         3
 Tukima's Dance           Hex            12%        N/A       21%         3
 Lee's Rapid Deconstruct  Erth           27%        3d15*     3%          5
 Arcjolt                  Conj/Air       24%        1d34      7%          5
 Iskenderun's Mystic Bla  Conj/Tloc      33%        2d8       11%         4
 Fulminant Prism          Conj/Hex       13%        3d9       19%         4
 Blade Hands              Tmut           10%        N/A       63%         5
 Simulacrum               Ice/Necr       19%        N/A       65%         6
 Summon Forest            Summ/Tloc      9%         N/A       69%         5
 Alistair's Intoxication  Tmut/Pois      11%        N/A       77%         5
 Metabolic Englaciation   Hex/Ice        6%         N/A       88%         5
 Summon Mana Viper        Hex/Summ       12%        N/A       88%         5
 Haunt                    Necr/Summ      19%        N/A       99%         7
 Eringya's Noxious Bog    Tmut/Pois      8%         N/A       100%        6
 Summon Cactus Giant      Summ           6%         N/A       100%        6
 Maxwell's Capacitive Co  Air            27%        ∞         100%        8


Dungeon Overview and Level Annotations

Branches:
Dungeon (15/15)            Temple (1/1) D:6            Lair (5/5) D:8
  Swamp (0/4) Lair:2       Spider (0/4) Lair:2        Slime (0/5) Lair:4
    Orc (2/2) D:10            Elf (3/3) Orc:2        Vaults (0/5) D:13
 Depths (0/4) D:15        Volcano (visited)

Altars:
Ashenzari
Cheibriados
Dithmenos
Elyvilon
Fedhas
Gozag
Hepliaklqana
Kikubaaqudgha
Makhleb
Nemelex Xobeh
Okawaru
Qazlal
Ru
Sif Muna
Trog
Uskayaw
Vehumet
Wu Jian
Xom
Yredelemnul
Zin
The Shining One
Jiyva

Shops:
D:5 (   Orc:2 !=:(   Elf:2 !

Annotations:
D:8 3 runed translucent doors, avis's ghost, novice VSTm
Elf:2 3 runed translucent doors
Elf:3 19 runed doors


Message History

* * * LOW HITPOINT WARNING * * *
The deep elf blademaster hits you with a +0 rapier!
* * * LOW HITPOINT WARNING * * *
You feel much better.
The deep elf blademaster hits you with a +0 rapier!
* * * LOW HITPOINT WARNING * * *
The deep elf blademaster hits you with a +0 rapier.
* * * LOW HITPOINT WARNING * * *
Casting: Borgnjor's Vile Clutch (mildly dangerous; 1% risk of failure)
Confirm with . or Enter, or press ? or * to list all spells.
You blink.
The deep elf blademaster hits you with a +0 rapier.
* * * LOW HITPOINT WARNING * * *
The deep elf blademaster hits you with a +0 rapier!
* * * LOW HITPOINT WARNING * * *
Okay, then.
You feel much better.
The deep elf blademaster hits you with a +0 rapier!
* * * LOW HITPOINT WARNING * * *
The deep elf blademaster hits you with a +0 rapier!
* * * LOW HITPOINT WARNING * * *
Aim the phial where?
Press: ? - help, Shift-Dir - straight line, f/p - deep elf blademaster
Aim: a deep elf blademaster, wielding two +0 rapiers and wearing a +0 ring mail (severely wounded)
The torrent of water hits the deep elf blademaster!
The deep elf blademaster is almost dead.
The deep elf blademaster is knocked back by the torrent of water.
The wave splashes down.
Splash!
You fall into the shallow water.
Moving in this stuff is going to be slow.
The deep elf blademaster is engulfed in water.
You hear a shout! x11
Aiming: Quicksilver Bolt
Press: ? - help, Shift-Dir - straight line, f/p - deep elf blademaster
Aim: a deep elf blademaster, wielding two +0 rapiers and wearing a +0 ring mail (almost dead, waterlogged, 33% to hit)
The bolt of dispelling energy hits the deep elf blademaster!
The deep elf blademaster is almost dead.
The deep elf blademaster hits you with a +0 rapier.
You die...

#.###......##
#.##........#
#####.###......##
#......###)...##
..........####.##
######..### ##.##
#### ##.#####
###.~~<..###
#|..@e~~...#
#...~~~....#
#.#......###
##.######## ###
####Z.#
.....##..h.##
#..)h####
h..).#### ####


You could see a deep elf blademaster (waterlogged).

Vanquished Creatures
  Kirke (Elf:1)
  A deep elf elementalist (Elf:3)
  Louise (D:14)
  A deep elf demonologist (Elf:1)
  A deep elf annihilator (Elf:1)
  2 deep elf death magi
  A fire dragon (Lair:5)
  Erolcha (D:10)
  9 hydras
  Fannar (Lair:1)
  3 ogre magi
  A centaur warrior (D:14)
  23 two-headed ogres
  4 boulder beetles
  8 dancing weapons
  A catoblepas (Lair:2)
  16 death yaks
  3 tengu warriors
  7 deep elf knights
  4 skysharks
  A hell knight (Volcano)
  14 skeletal warriors
  A wizard (D:15)
  5 orc knights
  18 deep elf zephyrmancers
  A lindwurm (Lair:5)
  3 deep elf archers (Elf:3)
  A wolf spider zombie (D:15)
  13 ugly things
  11 deep elf pyromancers
  An ugly thing zombie (D:14)
  A necromancer (D:15)
  2 orc sorcerers
  2 cyclopes
  3 manticores
  8 black mambas
  2 torpor snails
  2 molten gargoyles (Lair:5)
  11 elephants
  A naga mage (D:15)
  14 cane toads
  An unseen horror (D:10)
  2 centaur skeletons (D:15)
  A yaktaur (D:15)
  A rime drake (Lair:3)
  14 komodo dragons
  A redback zombie (D:15)
  A kobold demonologist (D:11)
  A tengu conjurer (D:9)
  A freezing wraith (D:14)
  3 polar bears
  6 trolls
  Grinder (D:4)
  2 hornets
  8 blink frogs
  2 blink frogs (shapeshifter)
  16 dream sheep
  A shadow (D:10)
  5 air elementals
  2 wraiths
  5 slime creatures (D:12)
  8 wyverns
  3 vampires
  3 hogs (Elf:1)
  5 water elementals
  2 fire elementals
  51 yaks
  A hog (shapeshifter) (D:14)
  6 steam dragons
  4 vampire mosquitoes (D:12)
  10 basilisks
  3 wargs
  2 acid dragons
  9 water moccasins
  6 hell hounds
  36 orc warriors
  3 ice beasts
  2 black bears
  An ogre (shapeshifter) (D:14)
  An elephant zombie (Lair:4)
  8 ogres
  9 wolves
  14 centaurs
  3 phantoms
  2 kobold brigands
  6 bullfrogs
  5 gnoll sergeants
  7 scorpions
  9 wights
  9 killer bees
  3 yak zombies (Lair:4)
  9 howler monkeys
  3 electric eels
  5 lava snakes (Lair:5)
  9 hounds
  A gnoll bouda (D:7)
  13 orc priests
  3 jellies (D:4)
  Jessica (D:2)
  2 iguanas
  22 orc wizards
  A sleepcap (D:6)
  10 hell rats (Lair:3)
  Robin (D:2)
  12 gnolls
  14 adders
  A white imp (D:5)
  4 worms
  5 dart slugs
  57 orcs
  8 endoplasms
  3 giant cockroaches
  12 goblins
  13 hobgoblins
  5 jackals
  6 quokkas
  5 ball pythons
  5 bats
  A frilled lizard (D:3)
  14 kobolds
  3 rats
757 creatures vanquished.

Vanquished Creatures (collateral kills)
  A centaur warrior (D:14)
  A death yak (Lair:5)
  A boulder beetle (D:11)
  A two-headed ogre (D:15)
  A fire crab (Lair:5)
  An orc sorcerer (Orc:1)
  A cyclops (D:14)
  3 ugly things (D:15)
  A manticore (D:11)
  2 black mambas
  4 elephants
  5 cane toads
  A freezing wraith (D:14)
  2 trolls
  2 blink frogs (Lair:4)
  A wraith (D:10)
  11 yaks
  2 wyverns
  2 basilisks
  6 water moccasins
  3 orc warriors (D:10)
  8 wolves
  A kobold brigand (D:8)
  2 bullfrogs
  A bullfrog zombie (D:9)
  An orc wizard (Orc:1)
  A hell rat (Lair:3)
  2 gnolls (D:8)
  An adder (D:6)
  3 orcs
  2 bats
  A goblin (D:1)
  6 kobolds
81 creatures vanquished.

Vanquished Creatures (others)
  A wizard (D:15)
  8 ugly thing zombies
  A death yak zombie (Lair:5)
  An air elemental (Elf:3)
  A vampire (D:9)
  3 humans (Elf:1)
  A human zombie (D:15)
  A two-headed ogre zombie (D:10)
  4 cane toad zombies
  A water moccasin (Lair:5)
  7 elephant zombies
  2 komodo dragon zombies (Lair:3)
  A fire crab zombie (Lair:5)
  A wyvern zombie (Lair:2)
  4 water moccasin zombies
  2 warg zombies
  21 yak zombies
  10 wolf zombies
  3 centaur zombies
  3 bullfrog zombies
  2 scorpion zombies (Lair:2)
  A killer bee zombie (D:9)
  3 hound zombies (D:8)
  3 hell rat zombies (Lair:3)
  2 howler monkey zombies (D:9)
  2 steam dragon zombies (D:9)
  2 gnoll zombies
  18 orc zombies
  3 bushes
  41 fungi
  108 plants
261 creatures vanquished.

Grand Total: 1099 creatures vanquished

Notes
Turn   | Place    | Note
-------+----------+-------------------------------------------
     0 | D:1      | Lobster4 the Human Necromancer began the quest for the Orb.
     0 | D:1      | Reached XP level 1. HP: 13/13 MP: 3/3
   173 | D:1      | Reached XP level 2. HP: 19/19 MP: 3/5
   346 | D:1      | You fall into a shaft and drop 1 floor!
   394 | D:2      | Reached XP level 3. HP: 17/25 MP: 6/6
   503 | D:2      | Noticed Jessica
   507 | D:2      | Killed Jessica
   508 | D:2      | Reached skill level 1 in Fighting
   508 | D:2      | Reached skill level 1 in Armour
   508 | D:2      | Reached XP level 4. HP: 32/32 MP: 4/7
   681 | D:2      | Noticed Robin
   690 | D:2      | Killed Robin
   691 | D:2      | Reached skill level 1 in Short Blades
   691 | D:2      | Reached skill level 1 in Ranged Weapons
   963 | D:1      | Reached XP level 5. HP: 37/37 MP: 8/8
  1407 | D:1      | Found a faded altar of an unknown god.
  2453 | D:3      | Reached XP level 6. HP: 27/44 MP: 10/10
  2578 | D:3      | Learned a level 3 spell: Vampiric Draining
  2940 | D:4      | Identified 4 scrolls of acquirement
  2940 | D:4      | Acquired the amulet "Synlil" {rPois rC+ Regen+}
  2959 | D:4      | Acquired the +6 Majin-Bo {spellvamp, MP+6 Int+6}
  2959 | D:4      | Found the +6 Majin-Bo {spellvamp, MP+6 Int+6}
  2961 | D:4      | Acquired the +3 buckler of Beogh's Hope {rPois rC- rCorr
                  | Int+2}
  3040 | D:4      | Noticed Grinder
  3095 | D:4      | Killed Grinder
  3096 | D:4      | Reached XP level 7. HP: 23/51 MP: 10/12
  3394 | D:4      | Reached skill level 5 in Necromancy
  3521 | D:4      | Reached XP level 8. HP: 53/58 MP: 6/13
  3526 | D:4      | Learned a level 4 spell: Animate Dead
  3956 | D:5      | Entered Level 5 of the Dungeon
  3956 | D:5      | Found Faam's Antique Weapon Boutique.
  3993 | D:4      | Reached skill level 1 in Shields
  4043 | D:5      | Reached skill level 1 in Staves
  4116 | D:5      | Identified the +1 leather armour of the Gloaming {rF+}
  4175 | D:5      | Reached skill level 1 in Earth Magic
  4292 | D:5      | Found a white marble altar of Elyvilon.
  4773 | D:5      | Reached XP level 9. HP: 60/65 MP: 15/15
  5108 | D:6      | Noticed a +0 dagger
  5108 | D:6      | Noticed a +0 dagger
  5110 | D:6      | Found a hide-covered altar of Uskayaw.
  5317 | D:6      | Found a staircase to the Ecumenical Temple.
  5326 | Temple   | Entered the Ecumenical Temple
  5420 | Temple   | Became a worshipper of Makhleb the Destroyer
  5851 | D:7      | Reached skill level 1 in Invocations
  5997 | D:7      | Reached skill level 1 in Evocations
  6134 | D:7      | Reached skill level 1 in Throwing
  6749 | D:7      | Reached XP level 10. HP: 68/73 MP: 3/17
  7128 | D:8      | Reached * piety under Makhleb
  7129 | D:8      | Found a staircase to the Lair.
  7515 | D:8      | Reached skill level 5 in Spellcasting
  7741 | D:8      | Found a runed translucent gate.
  7742 | D:8      | Found a runed translucent gate.
  7743 | D:8      | Found a runed translucent gate.
  7745 | D:8      | Noticed avis's ghost (novice VSTm)
  8114 | D:8      | Reached ** piety under Makhleb
  8138 | D:8      | Found a snail-covered altar of Cheibriados.
  8521 | D:9      | Reached skill level 5 in Ranged Weapons
  8530 | D:9      | Reached skill level 5 in Armour
  8547 | D:9      | Reached skill level 5 in Fighting
  8969 | D:9      | Learned a level 2 spell: Passwall
  8972 | D:9      | Learned a level 2 spell: Blink
  9106 | D:9      | Noticed a two-headed ogre
  9133 | D:9      | Killed a two-headed ogre
  9263 | D:9      | Reached XP level 11. HP: 70/80 MP: 18/18
  9599 | D:9      | Noticed a two-headed ogre
  9618 | D:9      | Killed a two-headed ogre
 10105 | D:9      | Noticed a five-headed hydra
 10179 | D:9      | Killed a five-headed hydra
 10264 | D:9      | Identified the +10 war axe of Valiance {flame, rElec}
 10264 | D:9      | Noticed a tengu warrior
 10275 | D:9      | Killed a tengu warrior
 10314 | D:9      | Noticed a red ugly thing
 10316 | D:9      | Noticed a manticore
 10316 | D:9      | Noticed a cyan ugly thing
 10318 | D:9      | Noticed a boulder beetle
 10352 | D:9      | Killed a red ugly thing
 10353 | D:9      | Reached skill level 5 in Shields
 10360 | D:9      | Reached skill level 5 in Staves
 10389 | D:9      | Killed a boulder beetle
 10389 | D:9      | Reached *** piety under Makhleb
 10394 | D:9      | Killed a cyan ugly thing
 10395 | D:9      | Reached skill level 5 in Earth Magic
 10730 | D:9      | Found a shimmering blue altar of Sif Muna.
 10889 | D:9      | Killed a manticore
 10890 | D:9      | Reached XP level 12. HP: 73/89 MP: 20/21
 10898 | D:9      | Learned a level 2 spell: Momentum Strike
 11061 | D:9      | Identified the staff of air "Nimoass" {rElec rPois Int+3}
 11178 | D:10     | Entered Level 10 of the Dungeon
 11178 | D:10     | Noticed Erolcha
 11235 | Lair:1   | Entered Level 1 of the Lair of Beasts
 11501 | D:8      | Reached skill level 1 in Translocations
 11501 | D:8      | Reached skill level 1 in Transmutations
 11508 | D:8      | Reached skill level 1 in Conjurations
 11604 | Lair:1   | You fall into a shaft and drop 1 floor!
 11604 | Lair:2   | Found a hole to the Spider Nest.
 11610 | Lair:2   | Noticed an eight-headed hydra
 11626 | Lair:2   | HP: 3/89 [eight-headed hydra (4)]
 11629 | Lair:2   | Killed an eight-headed hydra
 11775 | Lair:2   | Noticed a skyshark
 12069 | Lair:2   | Found a staircase to the Swamp.
 12193 | Lair:1   | Learned a level 1 spell: Shock
 12565 | Lair:1   | Reached skill level 1 in Air Magic
 12611 | Lair:1   | Noticed a boulder beetle
 12619 | Lair:1   | Killed a boulder beetle
 12680 | Lair:1   | Noticed Fannar
 13198 | Lair:2   | Noticed a catoblepas
 13277 | Lair:2   | Killed a catoblepas
 13957 | Lair:3   | Learned a level 3 spell: Swiftness
 14068 | Lair:3   | Reached **** piety under Makhleb
 14138 | Lair:3   | Noticed a skyshark
 14151 | Lair:3   | HP: 1/91 [skyshark (8)]
 14248 | Lair:3   | Reached XP level 13. HP: 93/96 MP: 23/23
 14782 | Lair:3   | Noticed a five-headed hydra
 14929 | Lair:3   | Noticed a four-headed hydra
 15136 | Lair:1   | Killed Fannar
 15591 | Lair:2   | Learned a level 4 spell: Airstrike
 15695 | Lair:2   | Reached skill level 5 in Air Magic
 16010 | Lair:3   | HP: 2/98 [skyshark (25)]
 16016 | Lair:3   | HP: 4/98 [cane toad (19)]
 16394 | Lair:3   | Identified the ring "Urghounu" {rC+ Will+ Str+4}
 16944 | Lair:3   | Reached skill level 5 in Dodging
 17797 | Lair:3   | Killed a five-headed hydra
 17962 | Lair:3   | Reached XP level 14. HP: 105/105 MP: 1/26
 18142 | Lair:3   | Identified the +1 ring mail of Puxiesm {-Tele Regen+ SInv}
 18332 | Lair:4   | Reached ***** piety under Makhleb
 18407 | Lair:4   | Acquired Great Wizards, Vol. II
 18415 | Lair:4   | Learned a level 5 spell: Borgnjor's Vile Clutch
 18613 | Lair:4   | Found a blossoming altar of Fedhas.
 19964 | Lair:4   | Found a viscous altar of Jiyva.
 19964 | Lair:4   | Found a staircase to the Slime Pits.
 20048 | Lair:5   | Entered Level 5 of the Lair of Beasts
 21032 | Lair:5   | HP: 2/106 [something (12)]
 21245 | Lair:5   | Reached XP level 15. HP: 84/113 MP: 20/27
 21810 | Lair:5   | Reached skill level 5 in Conjurations
 22134 | Lair:5   | Reached skill level 10 in Necromancy
 22414 | Lair:5   | Learned a level 3 spell: Mephitic Cloud
 24550 | Lair:5   | Reached ****** piety under Makhleb
 24833 | Lair:5   | Found a large runed translucent door.
 24836 | Lair:5   | Found a large runed translucent door.
 25423 | D:10     | Found an opulent altar of Gozag.
 25423 | D:10     | Found a faded altar of an unknown god.
 25429 | D:10     | Found a glowing golden altar of the Shining One.
 25431 | D:10     | Found a stormy altar of Qazlal.
 25432 | D:10     | Found a sparkling altar of Nemelex Xobeh.
 26243 | D:10     | Killed Erolcha
 26867 | D:10     | Found a staircase to the Orcish Mines.
 26879 | Orc:1    | Entered Level 1 of the Orcish Mines
 27356 | Orc:1    | Reached XP level 16. HP: 110/110 MP: 14/29
 27689 | Orc:2    | Entered Level 2 of the Orcish Mines
 27821 | Orc:2    | Found a dark tunnel.
 27969 | Volcano  | Entered a volcano
 28062 | Volcano  | Found a burning altar of Makhleb.
 28137 | Volcano  | Reached skill level 10 in Air Magic
 28206 | Volcano  | Reached skill level 1 in Axes
 28564 | Orc:2    | Found a staircase to the Elven Halls.
 29229 | Orc:2    | Reached skill level 10 in Ranged Weapons
 29461 | Orc:2    | Reached skill level 10 in Fighting
 30169 | Orc:2    | Found Wioff's Jewellery Shoppe.
 30169 | Orc:2    | Found Qukk's Book Boutique.
 30171 | Orc:2    | Found Ifroheac's Antique Weapon Shop.
 30173 | Orc:2    | Found Zoaxziym's Distillery.
 30228 | Orc:2    | Bought a potion of cancellation for 120 gold pieces
 31291 | D:11     | Found a stormy altar of Qazlal.
 32894 | D:12     | Found the dreamshard necklace {*Dream Drain}
 33615 | D:13     | HP: 3/122 [skeletal warrior/+0 halberd (22)]
 34005 | D:13     | Found a gate to the Vaults.
 34887 | D:13     | Reached skill level 10 in Spellcasting
 35035 | D:14     | Noticed Louise
 35066 | D:14     | Killed Louise
 35345 | D:14     | Identified the ring "Zuphorrom" {rN++ rCorr Str+2}
 35572 | D:14     | Reached XP level 17. HP: 125/129 MP: 30/31
 36843 | D:15     | Entered Level 15 of the Dungeon
 36850 | D:15     | Acquired the +6 hand crossbow of the Tiger {freeze, rF+}
 37304 | D:15     | Reached skill level 5 in Invocations
 37324 | D:15     | Reached skill level 10 in Earth Magic
 37826 | D:15     | Found a staircase to the Depths.
 38382 | Elf:1    | Entered Level 1 of the Elven Halls
 38584 | Elf:1    | Reached skill level 10 in Armour
 38973 | Elf:1    | Learned a level 5 spell: Agony
 39000 | Elf:1    | Reached skill level 5 in Axes
 39050 | Elf:1    | Noticed Kirke
 39063 | Elf:1    | Killed Kirke
 39702 | Elf:1    | Got the Book of Accomplices
 40064 | Elf:2    | Found Gashrad's Distillery.
 40069 | Elf:2    | Bought a potion of berserk rage for 75 gold pieces
 40541 | Elf:2    | Paralysed by an air elemental for 1 turns
 40880 | Elf:2    | Found a runed translucent gate.
 40880 | Elf:2    | Found a runed translucent gate.
 40880 | Elf:2    | Found a runed translucent gate.
 41169 | Elf:3    | Entered Level 3 of the Elven Halls
 41220 | Elf:3    | Found a huge runed gate.
 41220 | Elf:3    | Found a huge runed gate.
 41220 | Elf:3    | Found a huge runed gate.
 41220 | Elf:3    | Found a huge runed gate.
 41220 | Elf:3    | Found a huge runed gate.
 41220 | Elf:3    | Found a huge runed gate.
 41220 | Elf:3    | Found a huge runed gate.
 41220 | Elf:3    | Found a huge runed gate.
 41220 | Elf:3    | Found a huge runed gate.
 41220 | Elf:3    | Found a huge runed gate.
 41220 | Elf:3    | Found a huge runed gate.
 41277 | Elf:3    | Reached XP level 18. HP: 138/138 MP: 14/32
 41277 | Elf:3    | Found a huge runed gate.
 41277 | Elf:3    | Found a huge runed gate.
 41277 | Elf:3    | Found a huge runed gate.
 41277 | Elf:3    | Found a huge runed gate.
 41278 | Elf:3    | Found a huge runed gate.
 41940 | Elf:3    | Reached skill level 5 in Evocations
 42036 | Elf:3    | Paralysed by an air elemental for 1 turns
 42107 | Elf:3    | Found a huge runed gate.
 42107 | Elf:3    | Found a huge runed gate.
 42107 | Elf:3    | Found a huge runed gate.
 42186 | Elf:3    | Noticed a deep elf blademaster
 42199 | Elf:3    | HP: 2/138 [deep elf blademaster/+0 rapier (16)]
 42201 | Elf:3    | Slain by a deep elf blademaster

Illustrated notes

Levels and vault maps discovered:
D:1:      dpeg_arrival_round_a, layout_loops_ring,
          shapermc_ecumenical_altar_petra
D:2:      layout_loops_ring, uniq_robin, uniq_jessica
D:3:      minmay_skewed_foursquare, layout_basic
D:4:      minmay_angry_zag, layout_rooms, hex_tiny, uniq_grinder
D:5:      layout_rooms, overflow_temple_1_default, serial_shops, shop
D:6:      layout_cave_pools, dancing_weapons_uskayaw,
          minmay_temple_entry_enclosed_plants
D:7:      layout_loops_ring, hangedman_decor_clover_reticule
D:8:      layout_loops_ring, kennysheep_slug_shrine, erik_lair_island,
          enter_bailey_8, ebering_ghost_rock_garden
D:9:      minmay_the_grid_triangle_9x9_rhombus_full
          [minmay_the_grid_triangle_9x9_empty,
          minmay_the_grid_triangle_9x9_windchime,
          minmay_the_grid_triangle_9x9_stretched_checkered,
          minmay_the_grid_triangle_9x9_swiss_cheese,
          minmay_the_grid_triangle_9x9_sparse_checkered,
          minmay_the_grid_triangle_9x9_alien,
          minmay_the_grid_triangle_9x9_checkered,
          minmay_the_grid_triangle_9x9_prize_center], layout_loops_ring,
          kennysheep_orc_sif_temple
D:10:     cheibrodos_steamvent, layout_loops_ring,
          chequers_temple_overflow_minitemple, david_orc_4, serial_park_tiny_2,
          minmay_misc_feat_iff, grunt_ministairs_2, serial_bayou_pond_e,
          uniq_erolcha
D:11:     layout_long_grid, nicolae_qazlal_scattered_showers
D:12:     layout_grid_maze
D:13:     layout_loops_ring, erik_vaults_1
D:14:     layout_layer_cave, minmay_fountain_box, uniq_louise
D:15:     grunt_enter_depths_magical_seal, layout_small_grid,
          hangedman_decor_peaks_small
Temple:   eino_temple_water
Lair:1:   layout_misc_corridors, uniq_fannar
Lair:2:   layout_regular_city, swamp_mist_pool, nicolae_spider_entry_non_spiders
Lair:3:   nzn_winding_woodlands_stair_cross [nzn_winding_woodlands_5x15_parted,
          nzn_winding_woodlands_center_garden,
          nzn_winding_woodlands_5x15_pathside_ponds,
          nzn_winding_woodlands_5x5_default, nzn_winding_woodlands_hourglass,
          nzn_winding_woodlands_5x15_lazy_stream,
          nzn_winding_woodlands_center_pierced_h,
          nzn_winding_woodlands_5x15_longhouse], layout_misc_corridors,
          hibernation_bobbens, serial_bayou_shore_b, serial_bayou_shore_b,
          serial_bayou_shore_b, grunt_megastairs_3
Lair:4:   layout_loops_ring, dpeg_slime_entry_enclosed, basic_altar
Lair:5:   cheibrodos_lair_end_hotspot, layout_cellular_growth,
          serial_bayou_shore_a
Orc:1:    layout_caves, basic_altar
Orc:2:    st_orc_rangers, layout_caves, enter_volcano_3, lemuel_statue_altar
Elf:1:    nicolae_elf_arrival_aired_out, layout_gridlike, minmay_elf_demonology,
          uniq_kirke
Elf:2:    nicolae_elf_blades_splatter_lattice
          [nicolae_blade_entry_sentries_behind_glass], layout_onion_city,
          serial_shops, shop, uniq_zenata, uniq_agnes
Elf:3:    grunt_elf_hall_branching, layout_rooms, drop_trap,
          amcnicky_mini_corridor_feature, door_vault

Skill      XL: |  1  2  3  4  5  6  7  8  9 10 11 12 13 14 15 16 17 18 |
---------------+-------------------------------------------------------+-----
Fighting       | 1 2 3 4 5 6 7 8 9 10 11 | 11.3
Armour         | 1 2 3 4 5 6 7 8 9 10 | 10.0
Short Blades   | 1 |  1.0
Ranged Weapons | 1 2 3 4 5 6 7 8 9 10 11 | 11.0
Dodging        | 3 4 5 6 7 8 |  8.0
Spellcasting   | 3 4 5 6 7 8 9 10 | 10.8
Necromancy     | 5 6 7 8 9 10 11 | 11.9
Shields        | 2 3 4 5 6 |  6.0
Staves         | 2 3 4 5 6 |  6.0
Earth Magic    | 1 2 3 5 6 7 8 9 10 | 10.0
Invocations    | 2 3 4 6 |  6.0
Evocations     | 1 3 4 5 |  5.0
Throwing       | 1 3 |  3.0
Translocations | 3 |  3.0
Transmutations | 2 |  2.0
Conjurations   | 3 4 6 |  6.0
Air Magic      | 2 6 8 9 10 | 10.0
Axes           | 3 5 |  5.8
Stealth        | |  2.0

Action                     |  1- 3 |  4- 6 |  7- 9 | 10-12 | 13-15 | 16-18 || total
---------------------------+-------+-------+-------+-------+-------+-------++-------
  Melee: Short sword       |     6 |       |       |       |       |       ||     6
         Whip              |     2 |       |       |       |       |       ||     2
         Staff             |       |       |    43 |   159 |   391 |    70 ||   663
         War axe           |       |       |       |       |     5 |    22 ||    27
   Fire: Sling             |    13 |   234 |   194 |    62 |   250 |    40 ||   793
         Hand crossbow     |       |       |       |       |       |   200 ||   200
  Throw: Dart              |       |     2 |       |    40 |    17 |    21 ||    80
         Boomerang         |       |       |     4 |       |     9 |    30 ||    43
   Cast: Necrotise         |    11 |    11 |   158 |   350 |    96 |       ||   626
         Vampiric Draining |       |       |     8 |   111 |   124 |     2 ||   245
         Animate Dead      |       |       |       |    15 |    17 |     9 ||    41
         Shock             |       |       |       |    24 |    13 |     1 ||    38
         Blink             |       |       |       |     2 |     1 |     1 ||     4
         Momentum Strike   |       |       |       |     1 |     8 |       ||     9
         Airstrike         |       |       |       |       |   265 |   263 ||   528
         Borgnjor's Vile C |       |       |       |       |    58 |   151 ||   209
         Mephitic Cloud    |       |       |       |       |     4 |     2 ||     6
 Invoke: Lesser Servant of |       |       |       |       |       |     1 ||     1
  Evoke: Wand              |       |       |       |    27 |    10 |     6 ||    43
         Phial of floods   |       |       |       |       |       |     1 ||     1
    Use: Scroll            |       |    10 |    11 |    12 |     9 |     6 ||    48
         Potion            |       |       |     3 |    14 |     7 |     6 ||    30
   Stab: Sleeping          |     1 |       |       |       |     1 |       ||     2
         Distracted        |       |       |       |     2 |     3 |       ||     5
 Armour: Robe              |     1 |    38 |    13 |       |       |    41 ||    93
         Leather armour    |       |       |    87 |   212 |   297 |    31 ||   627
         Skin              |       |       |       |    11 |       |       ||    11
  Dodge: Dodged            |    12 |   106 |   162 |   264 |   445 |   171 ||  1160
  Block: Buckler           |       |       |    21 |   130 |   199 |   106 ||   456
         Reflection        |       |       |       |       |       |     9 ||     9

Table legend: (Time is in decaauts)
 A = Elapsed time spent in this place.
 B = Non-inter-level travel time spent in this place.
 C = Inter-level travel time spent in this place.
 D = Time resting spent in this place.
 E = Time spent auto-exploring this place.
 F = Levels seen in this place.
 G = Mean time per level.
                   A        B        C        D        E       F      G
               +--------+--------+--------+--------+--------+-----+--------+
         Total |  42469 |  40263 |   2206 |   8257 |  21586 |  27 | 1572.9 |
       Dungeon |  21052 |  19825 |   1227 |   2382 |  12687 |  15 | 1403.5 |
        Temple |    111 |     95 |     16 |      0 |     43 |   1 |  111.0 |
          Lair |  13738 |  13174 |    564 |   3978 |   5323 |   5 | 2747.6 |
  Orcish Mines |   3231 |   3058 |    173 |   1101 |   1335 |   2 | 1615.5 |
   Elven Halls |   3761 |   3537 |    224 |    663 |   2112 |   3 | 1253.7 |
       Volcano |    573 |    573 |      0 |    133 |     85 |   1 |  573.0 |
               +--------+--------+--------+--------+--------+-----+--------+

Top non-repeatable levels by time:
  Lair:5: 4415 daAuts
  Lair:3: 3371 daAuts
     D:9: 2799 daAuts
  Lair:4: 2373 daAuts
   Orc:2: 2347 daAuts
  Lair:2: 2288 daAuts
    D:14: 1856 daAuts
    D:10: 1743 daAuts
     D:8: 1743 daAuts
    D:12: 1739 daAuts
    D:13: 1607 daAuts
   Elf:1: 1585 daAuts
   Elf:2: 1481 daAuts
     D:7: 1365 daAuts
    D:15: 1348 daAuts
